 Dungeon Crawl Stone Soup version 0.31-a0-940-gdaa99269f9 (webtiles) character file.

Game seed: 18282058540395470467

504 lunkers the Martial Artist (level 7, -4/52 HPs)
             Began as a Meteoran Shapeshifter on Oct 20, 2023.
             Was an Initiate of Gozag.
             Slain by a gnoll
             ... wielding a +0 halberd
              (7 damage)
             ... on level 5 of the Dungeon.
             The game lasted 00:04:59 (1666 turns).

lunkers the Martial Artist (Meteoran Shapeshifter)  Turns: 1666, Time: 00:05:00

Health: -4/52      AC:  5    Str: 15    XL:     7   Next: 69%
Magic:  8/8        EV: 11    Int: 12    God:    Gozag
Gold:   270        SH:  0    Dex: 16    Spells: 6/6 levels left

rFire   . .          .
                       - Unarmed
rCold   . . .        (no shield)
rNeg    . . .        i - +0 ring mail
rPois   +            (helmet currently unavailable)
rElec   .            (cloak currently unavailable)
rCorr   .            (gloves currently unavailable)
SInv    .            (boots currently unavailable)
Will    .....        (no amulet)
Stlth   +            h - ring of poison resistance
HPRegen 0.28/turn    (no ring)
MPRegen 0.11/turn

%: no passive effects
@: beast-form, gold aura, glowing
A: beast (slay +3), sense surroundings 1, otherworldly, glowing, explore regen
a: Begin Untransformation, Renounce Religion, Potion Petition, Call Merchant,
Bribe Branch


You were on level 5 of the Dungeon.
You worshipped Gozag.
Gozag was aware of your devotion.
You were a hulking beast.
You visited 1 branch of the dungeon, and saw 5 of its levels.

You collected 339 gold pieces.
You paid 69 gold pieces to Gozag.

Inventory:

Armour
 i - a +0 ring mail (worn)
 o - a +0 cloak
Jewellery
 h - a ring of poison resistance (left hand)
Talismans
 c - a beast talisman (active)
 d - a flux talisman
Scrolls
 a - a scroll of amnesia {unknown}
 f - a scroll of noise {unknown}
 k - 2 scrolls of summoning {unknown}
 l - a scroll of enchant armour {unknown}
 n - a scroll of immolation {unknown}
 p - a scroll of torment {unknown}
 q - a scroll of fear {unknown}
Potions
 b - 3 potions of mutation {unknown}
 e - 3 potions of haste {unknown}
 g - a potion of cancellation {unknown}
 j - a potion of brilliance {unknown}
 m - a potion of heal wounds {unknown}
 r - a potion of invisibility {unknown}
 s - 2 potions of curing {unknown}


   Skills:
 - Level 1.1 Fighting
 - Level 2.1 Dodging
 * Level 8.1 Unarmed Combat
 + Level 5.9 Shapeshifting


You had 6 spell levels left.
You didn't know any spells.
Your spell library was empty.

Dungeon Overview and Level Annotations

Branches:
Dungeon (5/15) Zot: 1364
 Temple: D:4-7

Altars:
Cheibriados
Dithmenos
Elyvilon
Gozag
Hepliaklqana
Sif Muna
Uskayaw
The Shining One

Shops:
D:4 =


Innate Abilities, Weirdness & Mutations

You are a hulking beast.
Your limbs bulge with bestial killing power. (Slay +3)
You passively map a small area around you.
You are easily found by Zot.
You glow in the dark.
You regain HP and MP as you explore.


Message History

The gnoll hits you with a +0 club.
* * * LOW HITPOINT WARNING * * *
The gnoll attacks as it pursues you! The gnoll barely misses you.
The gnoll attacks as it pursues you! The gnoll barely misses you.
You enter a dispersal trap!
The gnoll blinks! x6; You blink.
You see here 2 stones.
You hit the gnoll.
The gnoll is moderately wounded.
You hit the gnoll but do no damage.
The gnoll is moderately wounded.
The gnoll hits you but does no damage.
You closely miss the gnoll.
The gnoll is moderately wounded.
The gnoll hits you but does no damage.
You punch the gnoll!
The gnoll is almost dead.
The gnoll hits you but does no damage.
You punch the gnoll!
You kill the gnoll!
The gnoll closely misses you.
Things that are here:
5 gold pieces; a +0 club The gnoll hits you with a +0 club.
* * * LOW HITPOINT WARNING * * *
The gnoll hits you with a +0 halberd!
* * * LOW HITPOINT WARNING * * *
You hit the gnoll.
The gnoll is moderately wounded.
The gnoll hits you but does no damage. The gnoll closely misses you.
You closely miss the gnoll.
The gnoll is moderately wounded.
The gnoll is distracted by your dazzling golden aura.
The gnoll misses you.
The gnoll shouts!
You hit the gnoll.
The gnoll is severely wounded.
The gnoll is no longer distracted by gold.
The gnoll misses you. The gnoll hits you with a +0 halberd!
You die...
Your body crumbles into a pile of gold.

..8# ,#......## ._.+
~ #.......# ..8#
#.......## #..#**
#........# ####
####..#....<# .##
#..#........# ..#
#....##.....# .###
##........g## ...##
#...#.....h###
....###.###.....g$.#
.##......####.....##
.#........# ##....#
.....#...## ###.##
....###.## ###
##...#### .#.###
...#


You could see 2 gnolls.

Vanquished Creatures
  A scorpion (D:2)
  2 orc priests
  A sleepcap (D:4)
  A hound (D:5)
  Terence (D:2)
  3 iguanas
  3 orc wizards
  2 gnolls (D:5)
  5 adders
  2 dart slugs
  14 orcs
  7 endoplasms
  3 giant cockroaches (D:4)
  5 goblins
  4 hobgoblins
  5 jackals (D:5)
  7 kobolds
  3 ball pythons
  4 bats
  2 frilled lizards
  A rat (D:2)
76 creatures vanquished.

Notes
Turn   | Place    | Note
-------+----------+-------------------------------------------
     0 | D:1      | lunkers the Meteoran Shapeshifter began the quest for the
                  | Orb.
     0 | D:1      | Reached XP level 1. HP: 16/16 MP: 2/2
   259 | D:1      | Reached skill level 4 in Unarmed Combat
   259 | D:1      | Reached XP level 2. HP: 23/23 MP: 3/3
   332 | D:2      | Noticed a scorpion
   346 | D:2      | Killed a scorpion
   347 | D:2      | Reached skill level 5 in Unarmed Combat
   347 | D:2      | Reached XP level 3. HP: 12/28 MP: 4/4
   347 | D:2      | Reached XP level 4. HP: 15/35 MP: 5/5
   432 | D:2      | Noticed Terence
   460 | D:2      | Killed Terence
   461 | D:2      | Reached XP level 5. HP: 25/40 MP: 6/6
   591 | D:3      | Found a glowing golden altar of the Shining One.
   600 | D:3      | Found a shadowy altar of Dithmenos.
   605 | D:3      | Found a white marble altar of Elyvilon.
   608 | D:3      | Found a snail-covered altar of Cheibriados.
   693 | D:3      | Reached skill level 6 in Unarmed Combat
   820 | D:3      | Reached XP level 6. HP: 45/47 MP: 7/7
   823 | D:3      | Reached skill level 5 in Shapeshifting
  1013 | D:4      | Reached skill level 7 in Unarmed Combat
  1022 | D:4      | Found an opulent altar of Gozag.
  1041 | D:4      | Became a worshipper of Gozag Ym Sagoz the Greedy
  1094 | D:4      | Found Juiwnuwe's Jewellery Boutique.
  1182 | D:4      | Found a hide-covered altar of Uskayaw.
  1233 | D:4      | Reached XP level 7. HP: 34/52 MP: 8/8
  1310 | D:4      | Found a hazy altar of Hepliaklqana.
  1421 | D:5      | Identified the of Imenis
  1421 | D:5      | Entered Level 5 of the Dungeon
  1421 | D:5      | Found a shimmering blue altar of Sif Muna.
  1576 | D:5      | Reached skill level 8 in Unarmed Combat
  1663 | D:5      | HP: 2/52 [gnoll/+0 halberd (15)]
  1666 | D:5      | Slain by a gnoll

Illustrated notes

Levels and vault maps discovered:
D:1:      dpeg_arrival_water_temple_mockup, layout_basic, serial_park_tiny_pond,
          chequers_arboretum, kennysheep_flooded_box, hex_tiny
D:2:      layout_loops_ring, minmay_misc_feat_nine_boxes, minivault_25,
          uniq_natasha, uniq_terence
D:3:      layout_loops_corners, grunt_temple_overflow_cloverleaf,
          mainiacjoe_overflow_chevrons
D:4:      layout_basic, mainiacjoe_overflow_surrounded_room,
          nicolae_uskayaw_dance_hall, serial_shops, shop,
          gammafunk_ghost_mausoleum, minmay_ruined_shrine
D:5:      layout_cave_pools, led_sif_book, serial_column_ruins,
          column_ruins_open_tiny, column_ruins_corridor_straight,
          column_ruins_open_tiny, column_ruins_columns_T,
          column_ruins_columns_corner

Skill      XL: |  1  2  3  4  5  6  7 |
---------------+----------------------+-----
Unarmed Combat | 4 5 6 7 8 |  8.1
Shapeshifting  | 4 5 |  5.9
Fighting       | |  1.1
Dodging        | |  2.1

Action                     |  1- 3 |  4- 6 |  7- 9 || total
---------------------------+-------+-------+-------++-------
  Melee: Unarmed           |    20 |   144 |    75 ||   239
         Punch             |     2 |     5 |     2 ||     9
    Use: Potion            |     1 |       |       ||     1
 Armour: Animal skin       |     8 |     2 |       ||    10
         Skin              |     5 |     1 |       ||     6
         Ring mail         |       |    74 |    56 ||   130
  Dodge: Dodged            |    12 |    76 |    54 ||   142

Table legend: (Time is in decaauts)
 A = Elapsed time spent in this place.
 B = Non-inter-level travel time spent in this place.
 C = Inter-level travel time spent in this place.
 D = Time resting spent in this place.
 E = Time spent auto-exploring this place.
 F = Levels seen in this place.
 G = Mean time per level.
                   A        B        C        D        E       F      G
               +--------+--------+--------+--------+--------+-----+--------+
         Total |   1634 |   1579 |     55 |     39 |    939 |   5 |  326.8 |
       Dungeon |   1634 |   1579 |     55 |     39 |    939 |   5 |  326.8 |
               +--------+--------+--------+--------+--------+-----+--------+

Top non-repeatable levels by time:
     D:4: 483 daAuts
     D:3: 365 daAuts
     D:1: 316 daAuts
     D:5: 238 daAuts
     D:2: 231 daAuts
